 Dungeon Crawl Stone Soup version 0.27.1 (webtiles) character file.

Game seed: 10443179731621878206

130 Urokeeper the Sneak (level 4, -3/34 HPs)
             Began as a Demonspawn Brigand on Aug 31, 2021.
             Slain by Crazy Yiuf (12 damage)
             ... on level 2 of the Dungeon.
             The game lasted 00:12:55 (2470 turns).

Urokeeper the Sneak (Demonspawn Brigand)            Turns: 2470, Time: 00:12:56

Health: -3/34      AC:  5    Str: 11    XL:     4   Next: 89%
Magic:  4/4        EV: 12    Int: 13    God:
Gold:   34         SH:  0    Dex: 15    Spells: 3/3 levels left

rFire    . . .     SeeInvis .   p - +3 short sword
rCold    . . .     Faith    .   (no shield)
rNeg     . . .     Spirit   .   b - +0 robe
rPois    .         Reflect  .   (no helmet)
rElec    .         Harm     .   c - +0 cloak
rCorr    .         Rampage  .   (no gloves)
Will     .....                  (no boots)
Stlth    +++.......             o - amulet of the acrobat
HPRegen  0.11/turn              (no ring)
MPRegen  0.09/turn              (no ring)

@: hasted, very quick
A: molten scales 1
a: no special abilities


You were on level 2 of the Dungeon.
You visited 1 branch of the dungeon, and saw 2 of its levels.

You collected 34 gold pieces.

Inventory:

Hand Weapons
 a - a +2 dagger
 f - a +0 hunting sling
 p - a +3 short sword (weapon)
 q - a +1 dagger of pain
 s - a +0 hunting sling of freezing
Missiles
 d - 7 poisoned darts (quivered)
 h - a javelin
 i - 8 boomerangs
 r - 5 silver boomerangs
 t - 39 stones
Armour
 b - a +0 robe (worn)
 c - a +0 cloak (worn)
Jewellery
 o - an amulet of the acrobat (around neck)
Scrolls
 j - a scroll of blinking {unknown}
 l - a scroll of fear {unknown}
 m - a scroll of brand weapon {unknown}
Potions
 g - a potion of lignification {unknown}
 k - a potion of curing {unknown}
 n - a potion of resistance {unknown}


   Skills:
 + Level 2.5 Fighting
 + Level 2.7 Short Blades
 + Level 2.0 Throwing
 + Level 1.4 Dodging
 + Level 4.9 Stealth


You had 3 spell levels left.
You didn't know any spells.
Your spell library contained the following spells:

 Spells                   Type           Power      Damage    Failure   Level
 Ignite Poison            Fire/Tmut/Pois 0%         N/A       67%         3
 Mephitic Cloud           Conj/Pois/Air  0%         N/A       67%         3
 Bolt of Magma            Conj/Fire/Erth 0%         4d4       100%        5


Dungeon Overview and Level Annotations

Branches:
Dungeon (2/15)

Altars:

Annotations:
D:2 Crazy Yiuf


Innate Abilities, Weirdness & Mutations

You are partially covered in molten scales. (AC +2)


Message History

You open the door.
Throw: dart (curare)
Press: ? - help, Q - select action, (/) - cycle Shift-Dir - straight line, f - Crazy Yiuf
Aim: Crazy Yiuf, wielding a +2 quarterstaff of chaos and wearing a +0 cloak (wandering, hasn't noticed you, 64% to hit)
You throw a curare-tipped dart.
The curare-tipped dart completely misses Crazy Yiuf.
Crazy Yiuf shouts!
Crazy Yiuf twirls on the spot.
You hit Crazy Yiuf.
Crazy Yiuf is moderately wounded.
Crazy Yiuf screams, "Hah mumblescurry childish!"
Crazy Yiuf misses you.
You barely miss Crazy Yiuf.
Crazy Yiuf is moderately wounded.
Crazy Yiuf whimpers, "Buddy!
Ice ladder meccalolo."
Crazy Yiuf barely misses you.
You hit Crazy Yiuf but do no damage.
Crazy Yiuf is moderately wounded.
Crazy Yiuf hits you with a +2 quarterstaff of chaos.
You feel yourself speed up.
You hit Crazy Yiuf.
Crazy Yiuf is moderately wounded.
Crazy Yiuf hits you but does no damage.
You hit Crazy Yiuf.
Crazy Yiuf is heavily wounded.
You completely miss Crazy Yiuf.
Crazy Yiuf is heavily wounded.
Crazy Yiuf hits you with a +2 quarterstaff of chaos!
Crazy Yiuf freezes you.
You closely miss Crazy Yiuf.
Crazy Yiuf is heavily wounded.
You hit Crazy Yiuf.
Crazy Yiuf is severely wounded.
Crazy Yiuf hits you with a +2 quarterstaff of chaos!
* * * LOW HITPOINT WARNING * * *
You puncture Crazy Yiuf!
Crazy Yiuf is almost dead.
Crazy Yiuf flaps his cloak.
Crazy Yiuf hits you with a +2 quarterstaff of chaos!
You die...

......##<##..#
#.# ##.....
#.##รท....##..#
#.# #.>...#
.###.....##..#
#.# ##....# ##
#.###.##### ###
####..## #
#.###.# #.....#.
#.##..#
########.##..##
#.##..# ###
###.#..#.#.#####
#.##..#
#...##..#.......#
#.##.<#
#(..g@####......#
#.##..# #)..###
##.#..## #.##..#
### ######
####.....# ######
.........#
####.....
########.# ###
#....#### #.# #.#
######
#.########.#
#.........<#


You could see Crazy Yiuf.

Vanquished Creatures
  Natasha (thrice) (D:2)
  An adder (D:2)
  An adder skeleton (D:2)
  A dart slug (D:1)
  4 ball pythons
  7 bats
  3 endoplasms
  2 giant cockroaches
  6 goblins
  4 hobgoblins
  3 quokkas (D:1)
  2 frilled lizards (D:1)
  2 kobolds
39 creatures vanquished.

Notes
Turn   | Place    | Note
-------+----------+-------------------------------------------
     0 | D:1      | Urokeeper the Demonspawn Brigand began the quest for the
                  | Orb.
     0 | D:1      | Reached XP level 1. HP: 16/16 MP: 1/1
   316 | D:1      | Gained mutation: You are partially covered in molten
                  | scales. (AC +2) [demonic ancestry]
   316 | D:1      | Reached XP level 2. HP: 22/22 MP: 2/2
   340 | D:1      | Reached skill level 4 in Stealth
   849 | D:1      | Reached XP level 3. HP: 27/27 MP: 3/3
  1246 | D:2      | Reached skill level 1 in Dodging
  1687 | D:2      | Found a faded altar of an unknown god.
  1733 | D:2      | Found a runed translucent door.
  1734 | D:2      | Noticed Crazy Yiuf
  1876 | D:2      | Noticed Natasha
  1882 | D:2      | Killed Natasha
  1883 | D:2      | Reached XP level 4. HP: 34/34 MP: 4/4
  1904 | D:2      | Noticed Natasha
  1913 | D:2      | Killed Natasha
  1924 | D:2      | Noticed Natasha
  1939 | D:2      | Killed Natasha
  2470 | D:2      | Slain by Crazy Yiuf

Illustrated notes

Levels and vault maps discovered:
D:1:      dpeg_arrival_rhombi, layout_basic, serial_glass, glass_columns_a,
          glass_columns_b, glass_columns_b, glass_columns_c, glass_columns_b,
          glass_columns_a
D:2:      layout_loops_ring, hellmonk_ecumenical_altar_zigzags, uniq_natasha,
          uniq_crazy_yiuf_cottage

Skill      XL: |  1  2  3  4 |
---------------+-------------+-----
Stealth        | 4 |  4.9
Dodging        | 1 |  1.4
Short Blades   | 2 |  2.7
Throwing       | 2 |  2.0
Fighting       | |  2.5

Action                   |  1- 3 |  4- 6 || total
-------------------------+-------+-------++-------
Melee: Dagger            |    70 |       ||    70
       Short sword       |     7 |    20 ||    27
Throw: Javelin           |     4 |       ||     4
       Dart              |     2 |     7 ||     9
 Stab: Sleeping          |     9 |       ||     9
Armor: Robe              |    24 |     2 ||    26
Dodge: Dodged            |    46 |    11 ||    57
